AoeStats
← jphilkill

MegaRandom

506613657Analyzed
4v4 RM · 19d ago on Sep 14, 2026· 58m 22s· 8 players
Game mode
Random Map
Map size
Large (8 player)
Population
200
Speed
Normal
Resources
Standard
Victory
Conquest
Starting age
Dark Age
Ending age
Imperial Age
RankedLock teamsTeams togetherTeam positionsShared explorationLock speedFull tech treeHidden civsTurbo modeCheats
Victory
Defeat
🇫🇷 Japanese · France
1059
+15
🇨🇿 Malay · Czechia
1046
+15
🇨🇳 Cumans · China
1009
+17
🇩🇪 Huns · Germany
943
+20
🇪🇸 Italians · Spain
1174
-23
🇪🇸 Teutons · Spain
1071
-18
🇬🇧 Mongols · United Kingdom
1045
-17
🇪🇸 Hindustanis · Spain
825
-9
Cat
6:16 Loom
11:13 Feudal Age
11:49 Double-Bit Axe
11:47 Horse Collar
16:18 Gold Mining
21:49 Castle Age
21:16 Wheelbarrow
22:32 Bloodlines
22:41 Bow Saw
22:32 Heavy Plow
24:44 Forging
24:39 Scale Barding Armor
25:48 Capped Ram
28:09 Iron Casting
27:28 Town Watch
30:29 Chain Barding Armor
35:19 Imperial Age
36:25 Hand Cart
36:55 Cavalier
38:43 Blast Furnace
38:19 Plate Barding Armor
38:26 Gold Shaft Mining
37:46 Stone Mining
38:43 Town Patrol
39:54 Two-Man Saw
39:35 Crop Rotation
41:20 Paladin
42:52 Fletching
43:07 Scale Mail Armor
43:07 Padded Archer Armor
44:20 Caravan
49:05 Bodkin Arrow
49:26 Leather Archer Armor
49:27 Chain Mail Armor
49:47 Coinage
49:28 Guilds
49:21 Town Patrol
49:35 Masonry
49:24 Murder Holes
53:08 Light Cavalry
57:15 Hussar
jphilkill
0:52 Loom
11:26 Feudal Age
14:25 Double-Bit Axe
18:08 Castle Age
16:13 Horse Collar
19:24 Medium Warships
22:50 Wheelbarrow
23:06 Gold Mining
28:46 Hand Cart
29:13 Stone Mining
31:28 Pikeman
32:08 Squires
35:06 Scale Mail Armor
35:17 Forging
35:36 Scale Barding Armor
35:32 Padded Archer Armor
35:22 Fletching
36:51 Elite Skirmisher
38:31 Chain Mail Armor
39:50 Thumb Ring
41:08 Iron Casting
41:46 Leather Archer Armor
42:24 Bodkin Arrow
42:51 Ballistics
47:46 Imperial Age
47:03 Bloodlines
46:53 Husbandry
47:15 Chain Barding Armor
49:59 Conscription
49:26 Halberdier
51:36 Chemistry
50:08 Heavy Cavalry Archer
51:15 Parthian Tactics
51:21 Capped Ram
53:09 Marauders
52:31 Elite Tarkan
56:25 Blast Furnace
56:01 Plate Barding Armor
55:27 Bracer
55:55 Bow Saw
55:50 Heavy Plow
57:44 Atheism
57:08 Siege Ram
CzechNoris
7:23 Loom
11:35 Feudal Age
11:18 Double-Bit Axe
13:38 Fishing Lines
22:00 Castle Age
21:22 Fletching
22:14 Medium Warships
30:51 Siphons
32:11 Horse Collar
33:07 Careening
33:22 Padded Archer Armor
35:53 Clinker Construction
39:59 Imperial Age
38:29 Wheelbarrow
37:39 Town Watch
38:56 Thalassocracy
39:54 Forging
39:39 Bodkin Arrow
41:04 Bow Saw
40:56 Heavy Plow
40:47 Gold Mining
40:47 Stone Mining
40:30 Elite Karambit Warrior
41:37 Heavy Warships
41:22 Bracer
41:37 Leather Archer Armor
44:24 Gold Shaft Mining
44:21 Crop Rotation
44:21 Squires
44:06 Arson
44:58 Iron Casting
44:54 Ring Archer Armor
44:57 Forced Levy
46:15 Conscription
46:46 Hand Cart
46:32 Town Patrol
48:41 Stone Shaft Mining
48:41 Coinage
48:22 Guilds
50:26 Banking
51:15 Chemistry
50:35 Ballistics
50:21 Siege Engineers
49:57 Treadmill Crane
50:27 Masonry
50:13 Murder Holes
50:40 Shipwright
50:40 Carvel Hull
50:41 Dry Dock
50:06 Elite Skirmisher
51:48 Blast Furnace
50:53 Scale Barding Armor
50:23 Pikeman
50:24 Man-at-Arms
51:13 Thumb Ring
52:37 Bombard Tower
51:49 Elite Cannon Galleon
elromanus
2:30 Loom
11:01 Feudal Age
15:36 Castle Age
14:25 Horse Collar
14:40 Fishing Lines
14:52 Double-Bit Axe
17:07 Bow Saw
16:52 Gold Mining
18:20 Gold Shaft Mining
22:02 Wheelbarrow
23:00 Stone Mining
24:04 Heavy Plow
25:43 Scale Mail Armor
26:12 Hand Cart
28:08 Chain Mail Armor
33:05 Imperial Age
34:10 Kataparuto
33:18 Onager
34:38 Hoardings
35:21 Chemistry
34:15 Guard Tower
34:56 Elite Samurai
35:10 Capped Ram
36:21 Ballistics
35:47 Arrowslits
36:13 Masonry
36:43 Yasama
37:01 Treadmill Crane
38:01 Keep
37:37 Fortified Wall
37:24 Murder Holes
44:54 Siege Engineers
50:55 Pikeman
51:37 Squires
51:23 Gambesons
51:24 Arson
50:59 Man-at-Arms
sepereti
11:40 Feudal Age
18:20 Castle Age
16:12 Double-Bit Axe
19:05 Bloodlines
19:36 Scale Barding Armor
20:29 Wheelbarrow
24:05 Hand Cart
28:25 Chain Barding Armor
28:23 Bow Saw
28:04 Pikeman
28:44 Squires
29:14 Scale Mail Armor
30:29 Chain Mail Armor
30:25 Forging
31:44 Loom
39:24 Man-at-Arms
40:48 Long Swordsman
41:59 Horse Collar
chinorron
3:25 Loom
11:32 Feudal Age
12:26 Double-Bit Axe
17:26 Castle Age
18:23 Bow Saw
19:09 Medium Warships
19:05 Fletching
21:21 Wheelbarrow
26:21 Bodkin Arrow
27:02 Ballistics
26:44 Fishing Lines
28:07 Gold Mining
34:36 Hand Cart
37:18 Imperial Age
39:05 Two-Man Saw
38:20 Caravan
39:03 Stone Mining
39:17 Bracer
39:18 Padded Archer Armor
40:22 Chemistry
39:38 Elite Genoese Crossbowman
41:23 Horse Collar
43:43 Pirotechnia
45:39 Leather Archer Armor
47:12 Stone Shaft Mining
46:41 Heavy Plow
49:11 Ring Archer Armor
53:03 Crop Rotation
52:40 Caravan
kypraeos18
8:00 Loom
12:58 Feudal Age
14:16 Double-Bit Axe
15:18 Fishing Lines
21:23 Horse Collar
25:30 Castle Age
24:17 Scale Barding Armor
24:23 Forging
26:28 Medium Warships
31:21 Gold Mining
33:21 Gold Shaft Mining
33:52 Husbandry
34:03 Bloodlines
34:33 Wheelbarrow
50:00 Hand Cart
56:36 Imperial Age
55:57 Fletching
57:30 Ballistics
58:18 Chemistry
57:56 Conscription
57:04 Elite Mangudai
58:16 Bodkin Arrow
RAPAZ
0:30 Loom
12:36 Feudal Age
17:28 Bloodlines
20:07 Castle Age
19:45 Scale Barding Armor
19:55 Forging
20:13 Double-Bit Axe
20:13 Horse Collar
22:01 Chain Barding Armor
22:17 Iron Casting
23:22 Husbandry
24:11 Light Cavalry
26:00 Gold Mining
32:16 Iron Casting
35:27 Grand Trunk Road
38:45 Heavy Plow
41:50 Imperial Age
40:17 Wheelbarrow
42:02 Gold Shaft Mining
41:54 Heavy Camel Rider
44:07 Blast Furnace
45:15 Plate Barding Armor
45:59 Imperial Camel Rider
49:17 Hand Cart
52:45 Caravan
Connection lost

Rejoining the realm…

Still unreachable

The connection could not be restored.

Session expired

The server has moved on; the page needs a fresh start.